← All builds
Tech / Armada / Economy first / OBSERVED BUILD

Standard tech

Armada Tech (Eco) build order · Supreme Isthmus

Rushes T2 factory and Advanced Metal Extractor while supplying T2 and T1 constructors to teammates like Geo, then transitions into Citadel/Platypus/Umbrella defence as the game develops.

Usually first T2 con to Geo (84%)

#eco #t2 #team support · 833 distinct matches · 112 players · 59% of Armada Tech games · team won 53% of 958 · Recently observed

HOW TO PLAY IT

Key timing: T2 factory by 4:15

  1. Open mex and wind, start bot lab right away.
  2. Get bot lab up and begin feeding early cons.
  3. Start advanced bot lab to rush T2 factory.
  4. Finish T2 factory and push advanced metal extractor by 5:29.
  5. Build Citadel, Platypus and Umbrella as anti-nuke defence transition.

Phase by phase

TYPICAL OF ITS 833 GAMES
  1. 1
  2. 2
  3. 3
  4. 4
PLAY THE OPENING

Follow the example game's first 6:00 step by step: what to build now, what comes next, and where it goes. At 1× it keeps pace with your own game.

  1. 1

    Up to the Bot Lab

    Economy
    • Metal Extractor3Mex
    • Wind Turbine4Wind
    Order
    1. Bot LabBot Lab after 3 mex, 4 winddone ~1:18, middle half 1:13–1:32

    Some games also: energy storage (30%)

    By 1:01 in all: 3 mex · 4 wind

    The example game in this phase · 3 steps
    1. Mex ×3
    2. Wind ×4
    3. Bot LabBot Labdone 1:14 · typical 1:18
  2. 2

    Bot Lab to Advanced Bot Lab

    Economy
    • Metal Extractor1Mex
    • Wind Turbine8Wind
    • Energy Storage1Energy storage
    Order
    1. Advanced Bot LabAdvanced Bot Lab after 4 mex, 12 wind, 3 con turretdone ~4:15, middle half 4:04–4:28
    Builders
    • Construction Turret3 Con turret
    • Lazarus3 Lazarus
    • Construction Bot2 Con bot
    • Construction Bot1 Con bot for allies

    Some games also: converter (36%)

    By 3:19 in all: 4 mex · 12 wind · 1 energy storage · 3 con turret

    The example game in this phase · 12 steps
    1. Wind
    2. Construction BotCon bot
    3. LazarusLazarus
    4. Con turret
    5. Wind ×3
    6. Mex
    7. LazarusLazarus
    8. Wind ×3
    9. Energy storage
    10. Con turret
    11. Wind ×3
    12. Advanced Bot LabAdvanced Bot Labdone 3:53 · typical 4:15
  3. 3

    Advanced Bot Lab to 5:00

    Economy
    • Wind Turbine2Wind
    Builders
    • Advanced Construction Bot1 T2 con bot for allies

    Some games also: converter (35%)

    By 5:00 in all: 4 mex · 15 wind · 2 converter · 1 energy storage · 3 con turret

    The example game in this phase · 3 steps
    1. Advanced Construction BotT2 con botfor Geo
    2. Advanced Metal ExtractorT2 mex ×2done 4:52 · typical 5:29
    3. Advanced Construction BotT2 con botfor Air
  4. 4

    5:00 to 10:00

    Economy
    • Wind Turbine44Wind
    • Energy Converter6Converter
    Builders
    • Butler8 Butler
    • Advanced Construction Bot4 T2 con bot for allies
    • Advanced Construction Bot1 T2 con bot

    Some games also: con turret (48%) · Butler for allies (37%)

    By 10:00 in all: 4 mex · 59 wind · 8 converter · 1 energy storage · 3 con turret

    The example game in this phase · 206 steps
    1. ButlerButler
    2. Advanced Metal ExtractorT2 mex ×2
    3. ButlerButler ×2
    4. Solar
    5. Wind ×2
    6. Advanced Construction BotT2 con botfor Pond
    7. Wind ×6
    8. ButlerButler
    9. Wind ×2
    10. ButlerButler
    11. Wind
    12. ButlerButler
    13. Wind ×2
    14. Advanced Construction BotT2 con botfor Beach sea
    15. Wind ×2
    16. ButlerButler
    17. Wind
    18. ButlerButler
    19. Wind
    20. ButlerButler
    21. Wind ×2
    22. Advanced Construction BotT2 con botfor Geo sea
    23. Wind ×9
    24. ButlerButler
    25. Wind ×2
    26. ButlerButler
    27. Wind ×2
    28. ButlerButler
    29. Wind ×4
    30. ButlerButler
    31. Advanced Construction BotT2 con bot
    32. Wind ×4
    33. Converter
    34. Wind ×2
    35. ButlerButler
    36. Converter
    37. Wind ×2
    38. ButlerButler
    39. Wind ×2
    40. Converter
    41. ButlerButler
    42. Wind ×2
    43. ButlerButler
    44. Wind ×2
    45. Converter
    46. Wind ×2
    47. ButlerButler
    48. Wind ×3
    49. Converter
    50. ButlerButler
    51. Wind ×4
    52. ButlerButler
    53. Converter
    54. Wind ×4
    55. ButlerButler
    56. Wind ×2
    57. Converter
    58. Wind ×4
    59. ButlerButler
    60. Wind ×5
    61. Converter
    62. Wind ×4
    63. ButlerButler
    64. Wind ×2
    65. Converter
    66. Wind ×8
    67. Converter ×3
    68. Wind ×6
    69. Converter ×3
    70. Wind ×6
    71. Converter ×2
    72. Wind ×2
    73. Converter
    74. Wind ×4
    75. Converter
    76. Wind
    77. Converter
    78. Wind ×2
    79. Converter
    80. Wind ×2
    81. ButlerButler
    82. Wind ×2
    83. Converter
    84. Wind
    85. Converter
    86. Wind
    87. Converter
    88. Wind ×6
    89. Converter
    90. Wind
    91. Converter ×2
    92. Wind ×3
    93. ButlerButler
    94. Wind ×2
    95. Converter
    96. Wind
    97. Converter
    98. Wind
    99. Converter
    100. Wind ×4
    101. ButlerButler
    102. Wind
    103. Converter
    104. Wind
    105. Converter
    106. Wind
    107. Converter
    108. Wind ×5
    109. ButlerButler
    110. Wind
    111. Converter ×2
    112. Wind ×3
    113. Converter
    114. Wind
    115. ButlerButler
    116. Wind ×2
    117. Converter
    118. Wind ×2
    119. Converter
    120. Wind ×2
    121. ButlerButler
    122. Wind ×2
    123. Converter
    124. Wind ×4
    125. Converter
    126. Wind
    127. Converter
    128. Wind
    129. ButlerButler
    130. Wind ×5
    131. Converter ×2
    132. Wind
    133. Converter
    134. Wind ×4
    135. ButlerButler
    136. Wind ×3
    137. Converter
    138. Wind ×2
    139. Converter ×2
    140. Wind ×6
    141. Converter
    142. Wind ×2
    143. Converter
    144. Wind
    145. ButlerButler
    146. Wind
    147. Converter
    148. Wind ×2
    149. Advanced Construction BotT2 con bot
    150. Wind ×5
    151. Converter
    152. Wind
    153. Converter ×2
    154. Wind ×6
    155. Converter
    156. Wind
    157. Converter
    158. Wind
    159. Converter
    160. Wind ×3
    161. Con turret
    162. Wind ×4
    163. Converter
    164. Wind
    165. Converter
    166. Wind
    167. Converter
    168. Wind ×6
    169. Con turret
    170. Wind
    171. Converter
    172. Wind ×3
    173. Converter
    174. Wind
    175. Converter
    176. Wind ×5
    177. Converter
    178. Wind ×2
    179. Converter
    180. Wind ×2
    181. Converter
    182. Wind ×2
    183. CitadelAnti-nukenot finished by 15:00
    184. Con turret
    185. Wind ×6
    186. Converter
    187. Wind ×10
    188. Converter
    189. Wind
    190. Con turret
    191. Wind ×7
    192. Converter
    193. Wind ×9
    194. Converter
    195. Wind ×7
    196. Converter
    197. Wind ×6
    198. Experimental GantryExperimental Gantrynot finished by 15:00
    199. Converter
    200. Wind ×12
    201. Converter
    202. Wind ×7
    203. Converter
    204. Wind ×7
    205. Converter
    206. Wind ×2

Counts are medians over the build's games: half of them build more, half fewer. The example game is [FCRD]GlazedByAfussy's (35 OS, 04/10/2026); pick another.

Team trades

IN AT LEAST 30% OF ITS GAMES

You hand over

  • Construction Bot1 Con bot to Airfirst at 2:22 · in 87% of games
  • Advanced Construction Bot5 T2 con bot to Air or Geo sea or Pondfirst at 4:48 · in 99% of games
  • Sharpshooter2 Sniper bot to Pondfirst at 5:21 · in 32% of games
  • Butler2 Butler to Geo sea or Beach sea or Pondfirst at 9:04 · in 41% of games

You get

  • Hercules1 Light transport from Airfirst at 4:00 · in 85% of games

How it plays out

Typical game of this build, running totals by minute

Metal produced

020k40k
0:005:0010:0015:00

metal

Enemy metal destroyed

0200400
0:005:0010:0015:00

metal

Own metal lost

0100200300
0:005:0010:0015:00

metal

958 games.

Show as table
ByMetal produced: This buildEnemy metal destroyed: This buildOwn metal lost: This build
1:0038300
2:0091600
3:00164300
4:00315600
5:00486400
6:00580500
7:00723000
8:00907900
9:001124800
10:001357600
11:001642100
12:001998800
13:002374500
14:002753685106
15:0031617313235
WHAT THE NUMBERS SAY

This is the role's textbook T2 rush, posting the highest metal production of any build shown (31617 by 15:00) with almost no early losses.

  • + T2 factory done by 4:15 in 97% of games, extremely consistent.
  • + Own metal lost is only 228 by 15:00, near untouched economy.
  • − Team win rate is the lowest of all builds shown at 53%, fast eco alone doesn't decide games.
THE EXAMPLE YOU ARE READING

[FCRD]GlazedByAfussy

35.5 OS · 04/10/2026

Open source match ↗

1 received units
1011 metal received · 39446 energy received

Allied construction assistance is unknown. Timings are observations, not a promise of solo reproducibility.

Typical milestones

Bot Lab1:18Middle 50%: 1:13–1:32 · n=958
Advanced Bot Lab4:15Middle 50%: 4:04–4:28 · n=952
Advanced Metal Extractor5:29Middle 50%: 5:06–5:59 · n=956

Played most by

Amrissa101games of this buildKOT_45games of this buildSyphos40games of this buildAdeus39games of this buildTeaner34games of this build